 Dungeon Crawl Stone Soup version 0.31-a0-986-g5e6e4ef867 (webtiles) character file.

Game seed: 9076913837151177887

179 Dittersdorf the Grave Robber (level 5, -2/35 HPs)
             Began as a Mummy Necromancer on Nov 7, 2023.
             Slain by Edmund
             ... wielding a +4 dire flail of protection
              (12 damage)
             ... on level 4 of the Dungeon.
             The game lasted 00:04:42 (2596 turns).

Dittersdorf the Grave Robber (Mummy Necromancer)    Turns: 2596, Time: 00:04:42

Health: -2/35      AC:  3    Str: 11    XL:     5   Next: 33%
Magic:  11/11      EV: 13    Int: 16    God:
Gold:   186        SH:  0    Dex: 21    Spells: 11/12 levels left

rFire   x . .        j - +6 short sword of Eternal Vigilance {freeze, rElec Dex+2}
rCold   + . .        (no shield)
rNeg    + + +        a - +0 robe
rPois   ∞            (no helmet)
rElec   +            (no cloak)
rCorr   .            (no gloves)
SInv    .            f - +0 pair of boots
Will    .....        b - amulet of magic regeneration
Stlth   +++          m - +6 ring of dexterity
HPRegen 0.25/turn    (no ring)
MPRegen 0.52/turn

%: faith
@: no status effects
A: cold resistance 1, negative energy resistance 3, torment resistance 2, heat
vulnerability 1, in touch with death 1, no potions, faith
a: no special abilities


You were on level 4 of the Dungeon.
You visited 1 branch of the dungeon, and saw 4 of its levels.

You collected 186 gold pieces.

Inventory:

Hand Weapons
 d - a +1 dagger of venom
 j - the +6 short sword of Eternal Vigilance (weapon) {freeze, rElec Dex+2}
   (You found it on level 2 of the Dungeon)

   Dex+2:     It affects your dexterity (+2).
   rElec:     It insulates you from electricity.
Missiles
 e - 2 poisoned darts
 g - a throwing net
Armour
 a - a +0 robe (worn)
 f - a +0 pair of boots (worn)
Jewellery
 b - an amulet of magic regeneration (around neck)
 m - a +6 ring of dexterity (left hand)
Scrolls
 c - 3 scrolls of enchant armour {unknown}
 h - 2 scrolls of teleportation {unknown}
 i - a scroll of vulnerability {unknown}
 k - a scroll of amnesia {unknown}
 l - a scroll of fear {unknown}


   Skills:
 + Level 2.6 Dodging
 + Level 2.7 Stealth
 + Level 4.1 Spellcasting
 + Level 4.8 Necromancy


You had 11 spell levels left.
You knew the following spells:

 Your Spells              Type           Power      Damage    Failure   Level
a - Necrotise             Necr           100%       1d9       2%          1

Your spell library contained the following spells:

 Spells                   Type           Power      Damage    Failure   Level
 Vampiric Draining        Necr           28%        2d8       7%          3
 Animate Dead             Necr           28%        N/A       22%         4
 Ozocubu's Armour         Ice            3%         N/A       45%         3
 Agony                    Necr           28%        N/A       54%         5
 Ozocubu's Refrigeration  Ice            1%         4d7       100%        7


Dungeon Overview and Level Annotations

Branches:
Dungeon (4/15)
 Temple: D:4-7

Altars:
Dithmenos
Hepliaklqana
Okawaru

Shops:
D:1 *(*(

Annotations:
D:4 Edmund


Innate Abilities, Weirdness & Mutations

You are immune to poison.
Your flesh is cold resistant. (rC+)
You are immune to negative energy. (rN+++)
You are immune to unholy pain and torment.
You are vulnerable to heat. (rF-)
You are in touch with the powers of death.
You do not drink.
You have a special connection with the divine. (Faith)


Message History

There is an open door here.
There is a fountain of clear blue water here.
You open the door.
There is an open door here.
There is an open door here.
There is a fountain of clear blue water here.
You open the door.
Edmund the Younger comes into view.
He is wielding a +4 dire flail of protection and wearing a +3 leather armour of fire resistance.
Aiming: Necrotise (safe; 2% risk of failure)
Press: ? - help, Q - select action, (/) - cycle Shift-Dir - straight line, f - Edmund
Aim: Edmund, wielding a +4 dire flail of protection and wearing a +3 leather armour of fire resistance (asleep, chance to affect: 83%)
You feel a surge of power!
Edmund shouts!
Edmund writhes in agony.
Aiming: Necrotise (safe; 2% risk of failure)
Press: ? - help, Q - select action, (/) - cycle Shift-Dir - straight line, f/p - Edmund
Aim: Edmund, wielding a +4 dire flail of protection and wearing a +3 leather armour of fire resistance (lightly wounded, chance to affect: 83%)
You feel a surge of power!
Edmund writhes in agony.
Aiming: Necrotise (safe; 2% risk of failure)
Press: ? - help, Q - select action, (/) - cycle Shift-Dir - straight line, f/p - Edmund
Aim: Edmund, wielding a +4 dire flail of protection and wearing a +3 leather armour of fire resistance (moderately wounded, chance to affect: 83%)
You feel a surge of power!
Edmund writhes in agony.
Edmund hits you with a +4 dire flail of protection!
Aiming: Necrotise (safe; 2% risk of failure)
Press: ? - help, Q - select action, (/) - cycle Shift-Dir - straight line, f/p - Edmund
Aim: Edmund, wielding a +4 dire flail of protection and wearing a +3 leather armour of fire resistance (moderately wounded, chance to affect: 83%)
You feel a surge of power!
Edmund writhes in agony.
Edmund closely misses you.
You hit Edmund but do no damage.
Edmund is moderately wounded.
Edmund hits you with a +4 dire flail of protection!
You barely miss Edmund.
Edmund is moderately wounded.
Edmund hits you with a +4 dire flail of protection.
* * * LOW HITPOINT WARNING * * *
You hit Edmund. You freeze Edmund.
Edmund is heavily wounded.
Edmund hits you with a +4 dire flail of protection!
You die...
Edmund says, "I'd like to see a scythe do that!"

.<# #.......# ..#
#.......# .##
#......## ..#
#.##..##
..###########'####
.##.....##.......# #
.##......#.⌠...⌠.# .#
.##......#.......#..#
..+......'...⌠..@@..#
.##.....##[......#.##
.##.....##.⌠...⌠.#.#
.##......#.......# .
.##......####+#### .#
............ #
.##.....##..#
..####### ### ..#


You could see Edmund.

Vanquished Creatures
  A scorpion (D:4)
  A sleepcap (D:3)
  4 adders
  A worm (D:4)
  2 dart slugs
  2 ball pythons
  5 endoplasms
  3 giant cockroaches
  2 goblins
  3 hobgoblins
  3 quokkas
  10 bats
  A frilled lizard (D:2)
  5 kobolds
  2 rats
45 creatures vanquished.

Vanquished Creatures (collateral kills)
  A giant cockroach (D:1)
  A frilled lizard (D:1)
2 creatures vanquished.

Grand Total: 47 creatures vanquished

Notes
Turn   | Place    | Note
-------+----------+-------------------------------------------
     0 | D:1      | Dittersdorf the Mummy Necromancer began the quest for the
                  | Orb.
     0 | D:1      | Reached XP level 1. HP: 13/13 MP: 4/4
    46 | D:1      | Reached XP level 2. HP: 19/19 MP: 0/5
   391 | D:1      | Found Ilimnymp's Assorted Antiques.
   403 | D:1      | Found Bomitir's Antique Weapon Boutique.
   490 | D:1      | Found Uczel's Weapon Shop.
   530 | D:1      | Found Vydwy's General Store.
   765 | D:2      | Reached XP level 3. HP: 24/24 MP: 7/7
  1003 | D:2      | Identified the +6 short sword of Eternal Vigilance {freeze,
                  | rElec Dex+2}
  1687 | D:3      | Found an iron altar of Okawaru.
  1778 | D:3      | Found a faded altar of an unknown god.
  1783 | D:3      | Found a hazy altar of Hepliaklqana.
  2059 | D:3      | Reached XP level 4. HP: 30/30 MP: 7/9
  2392 | D:4      | Identified the "Iquup"
  2399 | D:4      | Found a shadowy altar of Dithmenos.
  2454 | D:4      | Noticed a scorpion
  2464 | D:4      | Killed a scorpion
  2465 | D:4      | Reached XP level 5. HP: 29/35 MP: 9/11
  2589 | D:4      | Noticed Edmund
  2596 | D:4      | Slain by Edmund

Illustrated notes

Levels and vault maps discovered:
D:1:      giann_bridges, layout_rooms, serial_shops,
          nicolae_shop_advertising_works [nicolae_subvault_shop_adworks],
          nicolae_lakefront_shop, nicolae_square_shop, shop
D:2:      layout_basic, nicolae_hexahallways
D:3:      layout_basic, okawaru_ov_weapons_minmay,
          nicolae_overflow_ecumenical_swirl
D:4:      layout_gridville, grunt_dithmenos_smoke, minmay_fountain_box,
          uniq_edmund

Skill      XL: |  1  2  3  4 |
---------------+-------------+-----
Spellcasting   | 3 4 |  4.1
Stealth        | 2 |  2.7
Dodging        | 2 |  2.6
Necromancy     | |  4.8

Action                     |  1- 3 |  4- 6 || total
---------------------------+-------+-------++-------
  Melee: Unarmed           |     6 |       ||     6
         Dagger            |    31 |       ||    31
         Short sword       |    19 |    29 ||    48
   Cast: Necrotise         |    13 |    13 ||    26
   Stab: Sleeping          |     5 |     2 ||     7
 Armour: Robe              |    28 |    19 ||    47
  Dodge: Dodged            |    32 |    19 ||    51

Table legend: (Time is in decaauts)
 A = Elapsed time spent in this place.
 B = Non-inter-level travel time spent in this place.
 C = Inter-level travel time spent in this place.
 D = Time resting spent in this place.
 E = Time spent auto-exploring this place.
 F = Levels seen in this place.
 G = Mean time per level.
                   A        B        C        D        E       F      G
               +--------+--------+--------+--------+--------+-----+--------+
         Total |   2594 |   2434 |    160 |    167 |   1862 |   4 |  648.5 |
       Dungeon |   2594 |   2434 |    160 |    167 |   1862 |   4 |  648.5 |
               +--------+--------+--------+--------+--------+-----+--------+

Top non-repeatable levels by time:
     D:2: 994 daAuts
     D:3: 803 daAuts
     D:1: 593 daAuts
     D:4: 203 daAuts
